Map: Prion Terraces

Players

Arthisios

  • Race: Terran Terran
  • League: Platinum

zamzx - Winner!

  • Race: Zerg Zerg
  • League: Master

Event: Gauntlet LotV Series 1 Qualifier 1

VOD

Have the link to the VOD?

Description

Time

  • Played on: Nov. 22, 2015, 3:32 p.m.
  • Length: 7:59

All games in this series

Show
View Real Time Build Order
Export as new Build Order

Arthisios Terran 

Build Orders:  

Get SALT Encoding   

  12  0:02  SCV  
  13  0:14  SCV  
  13  0:18  Supply Depot  
  14  0:22  Supply Depot  
  14  0:27  SCV  
  15  0:43  SCV  
  15  0:46  Barracks  
  16  0:56  Supply Depot  
  16  0:57  SCV  
  17  1:09  SCV  
  18  1:19  Refinery  
  18  1:23  SCV, Barracks  
  19  1:36  Marine  
  20  1:47  Orbital Command  
  20  1:51  Barracks  
  20  2:03  Refinery  
  21  2:12  Barracks Tech Lab  
  21  2:15  Barracks Tech Lab  
  20  2:18  SCV  
  21  2:31  SCV  
  21  2:34  Marauder x2  
  26  2:42  Barracks Reactor  
  26  2:52  SCV  
  26  2:56  Marauder  
  26  2:57  Marauder  
  31  3:10  Supply Depot  
  31  3:16  Factory  
  31  3:17  SCV  
  31  3:31  Marine x2  
  31  3:32  Marauder x2  
  31  3:33  SCV  
  38  3:37  Supply Depot  
  38  3:41  Stimpack  
  38  3:45  SCV  
  39  3:58  Marine x2  
  39  3:59  SCV, Supply Depot  
  39  4:01  Factory Reactor  
  42  4:04  Marine x2  
  43  4:19  SCV, Marine  
  43  4:20  Marine  
  43  4:23  Marauder  
  40  4:27  Marauder  
  43  4:31  SCV, Supply Depot  
  43  4:38  Hellion  
  45  4:40  Hellion  
  45  4:43  SCV, Marine  
  43  4:54  Marauder  
  43  4:55  SCV  
  43  4:59  Hellion  
  48  5:03  Hellion  
  50  5:07  SCV  
  50  5:12  Concussive Shells  
  50  5:14  Supply Depot, Marauder  
  53  5:25  Marauder, Marine x2  
  57  5:32  SCV  
  57  5:33  Starport  
  58  5:41  Marauder  
  60  5:43  Marine  
  59  5:51  Engineering Bay  
  57  6:23  SCV  
  57  6:40  Missile Turret  
  57  6:42  Missile Turret  
  57  6:43  Missile Turret x2  
  57  6:45  Marauder  
  59  7:06  Marine x2  
  59  7:07  Marine x2  
  61  7:14  Widow Mine  
  63  7:21  Supply Depot  
  63  7:28  Supply Depot  
  63  7:32  Marine  
  63  7:34  SCV  
Show
View Real Time Build Order
Export as new Build Order

zamzx Zerg - Winner!

Build Orders: Hatch First 

Get SALT Encoding   

  12  0:00  Drone  
  13  0:13  Overlord  
  13  0:18  Drone  
  14  0:31  Drone x2  
  16  0:49  Hatchery  
  15  0:51  Drone  
  15  0:56  Extractor  
  16  0:57  Drone  
  16  1:14  Spawning Pool  
  16  1:16  Drone  
  16  1:21  Drone  
  16  1:24  Drone  
  18  1:31  Drone  
  19  1:39  Drone  
  20  1:53  Drone  
  21  2:01  Queen x2  
  21  2:08  Zergling x4  
  27  2:12  Metabolic Boost  
  27  2:20  Drone  
  28  2:24  Overlord  
  28  2:32  Overlord  
  28  2:40  Lair  
  28  2:46  Extractor  
  28  2:50  Queen  
  29  2:54  Drone  
  29  2:56  Drone  
  31  2:59  Drone  
  31  3:02  Drone  
  33  3:09  Drone x2  
  33  3:11  Drone  
  36  3:14  Drone  
  36  3:17  Drone  
  36  3:19  Drone  
  38  3:32  Zergling x6  
  38  3:33  Zergling x4  
  42  3:42  Spire  
  42  3:43  Zergling x2  
  42  3:49  Zergling x4  
  44  3:57  Overlord, Zergling x2, Extractor  
  44  4:06  Overseer  
  43  4:17  Drone x4  
  43  4:18  Drone x4  
  50  4:26  Drone x2  
  50  4:30  Extractor  
  51  4:37  Overlord x2  
  51  4:44  Drone  
  52  4:55  Mutalisk x2  
  52  4:56  Mutalisk x2  
  60  5:02  Drone  
  60  5:03  Drone x4  
  65  5:25  Mutalisk  
  65  5:26  Hatchery, Mutalisk  
  65  5:28  Overlord x2  
  68  5:40  Overlord  
  67  6:02  Mutalisk x5  
  77  6:05  Overlord x2  
  77  6:10  Zergling x10  
  82  6:21  Zergling x2  
  82  6:23  Queen  
  85  6:30  Zergling x4  
  87  6:39  Overlord x2  
  87  6:41  Queen  
  87  6:42  Drone x6  
  87  6:43  Drone  
  96  6:54  Baneling Nest, Zergling x2  
  95  6:55  Evolution Chamber, Zergling x4  
  95  6:56  Evolution Chamber, Pneumatized Carapace  
  96  7:06  Zergling x6  
  96  7:07  Zergling x2  
  98  7:11  Overlord  
  98  7:14  Extractor  
  98  7:15  Drone x5  
  102  7:17  Extractor  
  102  7:21  Overlord  
  101  7:29  Zergling x4  
  103  7:41  Zergling x10  
Tags
 
Add a new tag
Caveats
  • Supply blocks, unpowered buildings, or Contaminate may cause inaccurate times.
  • Supply counts are checked every 10 seconds.